Map: [ESL] Gresvan

Players

ByuN - Winner!

  • Race: Terran Terran
  • Spawn Location: 11:00

Scarlett

  • Race: Zerg Zerg
  • Spawn Location: 5:00

Event: ESL SC2 Masters 2023 Summer (Finals)

VOD

Have the link to the VOD?

Description

Time

  • Played on: June 16, 2023, 8:22 a.m.
  • Length: 10:47

All games in this series

Show
View Real Time Build Order
Export as new Build Order

ByuN Terran - Winner!

Build Orders:  

Get SALT Encoding   

  12  0:00  SCV  
  13  0:12  SCV  
  14  0:17  Supply Depot  
  14  0:24  SCV  
  15  0:39  Barracks, SCV  
  16  0:43  Refinery  
  16  0:51  SCV  
  17  0:59  Barracks  
  17  1:03  SCV  
  18  1:15  SCV  
  19  1:26  Reaper  
  19  1:27  Orbital Command  
  19  1:32  Supply Depot  
  20  1:46  Reaper  
  21  1:53  SCV  
  22  2:02  Reaper  
  22  2:05  SCV  
  24  2:13  Command Center  
  24  2:15  Refinery  
  24  2:19  SCV  
  25  2:31  SCV  
  26  2:41  Factory  
  26  2:43  SCV  
  27  2:55  SCV  
  28  3:03  Barracks Reactor, Barracks Tech Lab  
  28  3:07  SCV  
  28  3:09  Command Center  
  29  3:19  SCV  
  30  3:24  Orbital Command  
  30  3:26  Marine, Factory Reactor  
  31  3:31  Stimpack, SCV  
  32  3:41  Marine x2  
  32  3:43  SCV  
  32  3:44  Marine  
  36  3:54  SCV  
  37  3:55  SCV  
  37  3:59  Marine  
  37  4:02  Marine, Hellion x2  
  45  4:06  SCV  
  45  4:09  Starport  
  46  4:11  SCV  
  46  4:20  Marine x3  
  46  4:21  Orbital Command  
  51  4:24  SCV  
  51  4:25  SCV, Hellion  
  51  4:26  Hellion  
  51  4:30  Supply Depot  
  55  4:36  SCV  
  55  4:37  SCV  
  55  4:38  Marine x3  
  60  4:46  Armory  
  60  4:49  SCV  
  60  4:52  SCV x2  
  63  4:53  Factory Tech Lab, Supply Depot  
  63  4:59  Medivac x2  
  68  5:04  Marine x2  
  69  5:09  Supply Depot  
  69  5:14  Marine, Combat Shield, SCV x3  
  69  5:20  Refinery  
  69  5:21  Refinery, Supply Depot  
  73  5:22  Marine  
  73  5:23  Marine  
  73  5:27  SCV x2  
  77  5:28  Orbital Command  
  77  5:32  Marine  
  78  5:38  Starport Reactor  
  78  5:39  SCV x2  
  78  5:42  Engineering Bay  
  80  5:44  Engineering Bay  
  80  5:50  Barracks  
  80  5:52  Barracks  
  80  5:53  Barracks, Factory Reactor  
  80  5:55  SCV x2  
  80  5:56  SCV  
  83  5:59  Marine x2  
  83  6:02  Marine  
  83  6:03  Supply Depot  
  86  6:09  SCV  
  87  6:15  SCV  
  87  6:17  Terran Infantry Weapons Level 1, Marine x2, Terran Infantry Armor Level 1  
  86  6:20  Marine  
  86  6:25  Medivac x2  
  89  6:26  SCV x2  
  89  6:28  SCV  
  89  6:31  Supply Depot  
  92  6:35  Marine x2  
  92  6:37  Marine  
  92  6:38  SCV  
  98  6:43  Barracks Reactor  
  98  6:45  Barracks Reactor  
  96  6:47  SCV  
  96  6:48  SCV  
  96  6:50  SCV  
  101  6:54  Marine x2, Siege Tank  
  101  6:55  Marine  
  101  6:56  Marine, Bunker  
  101  6:59  Marine, SCV  
  101  7:00  SCV  
  108  7:01  Marine  
  108  7:03  Terran Vehicle Weapons Level 1  
  108  7:06  Marine, SCV  
  108  7:08  Supply Depot  
  111  7:10  Supply Depot  
  109  7:16  Marine x4  
  109  7:20  Medivac x2  
  115  7:23  Marine x2  
  115  7:29  Marine, Siege Tank, SCV x3  
  124  7:33  Supply Depot  
  124  7:37  Marine x5  
  124  7:40  Factory  
  124  7:44  Marine x2  
  130  7:46  Refinery x2  
  130  7:47  Supply Depot  
  131  7:56  Marine x5  
  131  7:57  Marine x2  
  135  8:03  Marine x2  
  135  8:04  Siege Tank  
  140  8:09  SCV x3, Command Center  
  143  8:12  Terran Infantry Weapons Level 2  
  143  8:16  Terran Infantry Armor Level 2  
  143  8:22  Marine x6  
  143  8:25  Marine  
  143  8:26  Factory Tech Lab  
  149  8:28  Missile Turret  
  149  8:29  Supply Depot  
  149  8:30  Supply Depot x2  
  149  8:33  SCV x3  
  152  8:41  Marine  
  151  8:47  Marine x3  
  151  8:48  Marine x2  
  153  8:51  Siege Tank  
  153  8:52  Siege Tank  
  153  8:54  Supply Depot  
  161  9:01  Marine x4  
  165  9:04  Marine  
  165  9:05  Marine x2  
  165  9:06  Marine x2  
  165  9:07  Medivac  
  172  9:10  Medivac  
  174  9:19  Marine  
  174  9:26  Marine x5  
  174  9:27  Marine  
  174  9:28  Siege Tank  
  183  9:34  Marine  
  183  9:37  Medivac  
  170  9:38  Marine  
  170  9:39  Barracks, Marine  
  170  9:40  Barracks  
  170  9:41  Barracks  
  170  9:44  Marine x3  
  162  9:50  Marine x2  
  160  9:56  Siege Tank  
  163  10:00  Siege Tank  
  163  10:01  Marine x2  
  163  10:02  Marine x2  
  163  10:06  Marine  
  169  10:07  SCV x3  
  169  10:09  Marine x2  
  169  10:11  Marine x2, Sensor Tower  
  175  10:14  Medivac  
  175  10:15  Medivac  
  175  10:19  Marine x3  
  182  10:25  Marine  
  178  10:29  Marine  
  172  10:37  Barracks Tech Lab x2  
Show
View Real Time Build Order
Export as new Build Order

Scarlett Zerg 

Build Orders: Hatch First 

Get SALT Encoding   

  12  0:00  Drone  
  13  0:12  Overlord  
  13  0:17  Drone  
  14  0:30  Drone x2  
  16  0:47  Hatchery  
  15  0:50  Drone  
  15  0:53  Drone  
  17  0:57  Drone  
  18  1:07  Extractor  
  17  1:12  Spawning Pool  
  17  1:15  Drone  
  17  1:18  Drone  
  18  1:27  Drone  
  19  1:38  Drone  
  20  1:48  Drone  
  21  1:59  Queen  
  21  2:00  Queen, Zergling x2  
  21  2:01  Zergling x2  
  27  2:10  Zergling x2  
  27  2:11  Metabolic Boost  
  27  2:12  Overlord  
  28  2:28  Hatchery  
  27  2:34  Drone  
  27  2:40  Extractor  
  27  2:43  Spore Crawler  
  25  2:45  Drone x3  
  25  2:49  Queen  
  32  2:54  Zergling x2  
  32  2:56  Drone x2  
  34  3:07  Drone  
  35  3:13  Overlord  
  35  3:17  Overlord  
  34  3:20  Drone  
  35  3:36  Drone x3, Zergling x4  
  35  3:38  Queen x2  
  44  3:42  Drone  
  44  3:46  Drone x3  
  48  3:51  Drone  
  48  3:54  Drone  
  50  3:59  Overlord  
  50  4:00  Drone x5  
  55  4:06  Queen  
  55  4:07  Overlord  
  57  4:17  Overlord  
  57  4:18  Queen  
  57  4:23  Drone x3, Evolution Chamber  
  61  4:28  Drone x2  
  63  4:31  Drone x3  
  63  4:36  Queen  
  68  4:39  Overlord  
  68  4:43  Drone x3  
  68  4:44  Drone  
  72  4:49  Overlord  
  72  4:50  Zergling x6  
  75  4:54  Zerg Ground Armor Level 1  
  75  5:00  Roach Warren  
  75  5:02  Zergling x8  
  78  5:09  Queen  
  78  5:13  Zergling x12  
  86  5:20  Extractor, Queen  
  87  5:23  Drone x5  
  92  5:30  Lair  
  92  5:32  Drone x4  
  96  5:39  Hatchery  
  95  5:44  Drone x3  
  95  5:47  Overlord  
  95  5:48  Overlord  
  98  5:54  Extractor  
  98  5:55  Extractor  
  96  6:01  Overlord  
  95  6:06  Roach x5  
  95  6:07  Zergling x14  
  110  6:18  Roach x2  
  106  6:24  Drone  
  106  6:25  Drone x2  
  108  6:36  Roach x4  
  114  6:44  Drone x7  
  121  6:48  Drone  
  120  6:57  Zerg Missile Weapons Level 1, Glial Reconstitution  
  120  6:58  Drone  
  120  6:59  Overlord  
  120  7:00  Overlord  
  121  7:01  Extractor, Overlord  
  121  7:02  Hatchery, Evolution Chamber  
  121  7:04  Extractor  
  121  7:05  Spore Crawler  
  121  7:08  Spore Crawler  
  113  7:22  Drone x3  
  116  7:23  Drone x2  
  116  7:24  Drone  
  116  7:26  Hatchery  
  116  7:27  Roach x6  
  130  7:32  Roach x7  
  144  7:53  Drone  
  144  7:57  Hatchery  
  145  8:00  Drone  
  145  8:01  Overlord  
  145  8:02  Overlord x7  
  145  8:05  Baneling Nest  
  145  8:07  Hatchery, Infestation Pit, Zerg Ground Armor Level 2  
  143  8:13  Drone x2, Spore Crawler  
  144  8:20  Hatchery  
  144  8:21  Spore Crawler  
  144  8:23  Roach x7  
  156  8:30  Roach x5  
  166  8:37  Hatchery  
  166  8:39  Drone x7  
  166  8:49  Hatchery, Drone x5  
  166  8:51  Centrifugal Hooks  
  166  8:53  Hive  
  170  9:00  Roach x3  
  176  9:08  Drone  
  176  9:09  Extractor x2, Drone  
  176  9:10  Drone x3  
  176  9:11  Drone, Ravager x3  
  176  9:12  Ravager x4  
  176  9:16  Zergling x4  
  189  9:19  Zergling x6  
  192  9:31  Roach x7  
  159  9:40  Roach x6  
  159  9:42  Roach x2  
  159  9:44  Ravager x2  
  148  9:51  Roach x4  
  138  9:55  Roach x2, Zergling x2  
  138  10:00  Ravager  
  138  10:02  Drone x5  
  142  10:19  Drone x13  
  155  10:26  Roach  
  153  10:36  Ravager  
Tags
 
Add a new tag
Caveats
  • Supply blocks, unpowered buildings, or Contaminate may cause inaccurate times.
  • Supply counts are checked every 10 seconds.